 Dungeon Crawl Stone Soup version 0.20.0-7-g3b7b877 (webtiles) character file.

71 Rim the Shield-Bearer (level 4, 31/31 HPs)
             Began as an Octopode Fighter on May 27, 2017.
             Quit the game on level 2 of the Dungeon on May 29, 2017.
             The game lasted 00:06:36 (1678 turns).

Rim the Shield-Bearer (Octopode Fighter)            Turns: 1678, Time: 00:06:36

Health: 31/31      AC:  1    Str: 15    XL:     4   Next: 24%
Magic:  4/4        EV: 12    Int: 10    God:
Gold:   79         SH:  9    Dex: 12    Spells: 3/3 levels left

rFire    . . .     SeeInvis .   a - +0 trident
rCold    . . .     Gourm    .   b - +0 shield
rNeg     . . .     Faith    .   (helmet restricted)
rPois    .         Spirit   .   (no amulet)
rElec    .         Reflect  .   s - ring of flight
rCorr    .         Harm     .   (no ring)
MR       .....                  (no ring)
Stlth    ++........             (no ring)
Regen    0.1/turn               (no ring)
MPRegen  0.1/turn               (no ring)
                                (no ring)
                                (no ring)

@: no status effects
A: almost no armour, stealthy swim, amphibious, 8 rings, constrict 8, camouflage
1, gelatinous body 1
a: Evoke Flight


You were on level 2 of the Dungeon.
You were very hungry.

You visited 1 branch of the dungeon, and saw 3 of its levels.

You collected 79 gold pieces.

Inventory:

Hand Weapons
 a - a +0 trident (weapon)
 n - a +0 hunting sling
Missiles
 f - 98 stones (quivered)
 q - 2 tomahawks
Armour
 b - a +0 shield (worn)
Jewellery
 s - a ring of flight (left tentacle)
Scrolls
 e - 2 scrolls of identify {unknown}
 m - a scroll of remove curse {unknown}
 r - a scroll of magic mapping {unknown}
 t - a scroll of fear {unknown}
Potions
 c - a potion of might
 g - 3 potions of curing {unknown}
 i - a potion of lignification {unknown}
 j - 2 potions of experience {unknown}
 k - a potion of brilliance {unknown}
 l - a potion of invisibility {unknown}
 o - 2 potions of degeneration {unknown}
 p - 2 potions of flight {unknown}
Comestibles
 d - 2 bread rations
 h - a meat ration


   Skills:
 + Level 3.4 Fighting
 * Level 3.0 Polearms
 + Level 3.3 Dodging
 * Level 3.7 Shields


You had 3 spell levels left.
You didn't know any spells.

Dungeon Overview and Level Annotations

Branches:
Dungeon (3/15)

Altars:
Nemelex Xobeh
Ru
Sif Muna
The Shining One

Annotations:
D:3 Grinder


Innate Abilities, Weirdness & Mutations

You cannot wear most types of armour.
You are very stealthy in the water. (Stealth+)
You are amphibious.
You can wear up to eight rings at the same time.
You can use your tentacles to constrict eight enemies at once.
Your skin changes colour to match your surroundings (Stealth+).
Your rubbery body absorbs attacks. (AC +1, EV +1)


Message History

Done exploring.
(D) Dungeon
Where to? (Enter - D:2, ? - help)
There is an open door here.
There is an open door here.
There is a stone staircase leading down here.
You climb downwards.
A bat, 3 jackals and Grinder come into view.
The jackal barks!
Found 9 gold pieces and a runed hunting sling.
There is a stone staircase leading up here.
Grinder shouts!
The jackal barks! x2; You hear an angry hiss.
You hear a shout!
The bat hits you but does no damage. Grinder hits you.
You writhe in agony.
You climb upwards.
There is a stone staircase leading down here.
You start resting.
HP restored.
Welcome back, Rim the Octopode Fighter.
Press ? for a list of commands and other information.
Are you sure you want to abandon this character and quit the game? (Confirm with "yes".)

≈≈#≈≈..#
#..'.......#........#.
≈≈≈≈#..#
####.......#.####.....
≈#≈##..#
#.......#.<.##.####
≈≈≈#...#
###'###.#......#...
≈#≈#...#
###.#.......##.#...
##.....#
#...#.#.#....#.....
.......#
###.###.#.#..........
.......#
#.......#.#.##._....#
########
#.#.@...#.#.####.#...
#.#####.....# #.#...
#.# #.##### #.#### #.#
#.# #..... #.#####.#
###### #.......#
#########


There were no monsters in sight!

Vanquished Creatures
  A gnoll (D:1)
  3 adders (D:2)
  A dart slug (D:1)
  6 bats
  A giant cockroach (D:1)
  3 hobgoblins
  6 kobolds
  2 frilled lizards (D:1)
  7 goblins
  2 rats (D:1)
32 creatures vanquished.

Notes
Turn   | Place    | Note
-------+----------+-------------------------------------------
     0 | D:1      | Rim the Octopode Fighter began the quest for the Orb.
     0 | D:1      | Reached XP level 1. HP: 16/16 MP: 1/1
   124 | D:1      | Reached XP level 2. HP: 21/21 MP: 2/2
   226 | D:1      | Reached XP level 3. HP: 20/26 MP: 3/3
   899 | D:2      | Found a sacrificial altar of Ru.
   967 | D:2      | Found a deep blue altar of Sif Muna.
  1140 | D:2      | Reached XP level 4. HP: 31/31 MP: 4/4
  1279 | D:2      | Found a sparkling altar of Nemelex Xobeh.
  1509 | D:2      | Found a glowing golden altar of the Shining One.
  1642 | D:3      | Noticed Grinder
  1678 | D:2      | Upgraded the game from 0.20.0-3-g22ec75f to 0.20.0-7-g3b7b877
  1678 | D:2      | Quit the game

Skill      XL: |  1  2  3 |
---------------+----------+-----
Polearms       | 3 |  3.0
Fighting       | |  3.4
Dodging        | |  3.3
Shields        | |  3.7

Action                   |  1- 3 |  4- 6 || total
-------------------------+-------+-------++-------
Melee: Trident           |    45 |     4 ||    49
       Constrict         |    10 |     2 ||    12
       Tentacles         |     7 |     1 ||     8
Throw: Stone             |    41 |     2 ||    43
 Stab: Sleeping          |     2 |     2 ||     4
       Distracted        |     1 |       ||     1
  Eat: Chunk             |     1 |       ||     1
Armor: Skin              |     4 |     1 ||     5
Dodge: Dodged            |    19 |       ||    19
Block: Shield            |    18 |       ||    18
